 Dungeon Crawl Stone Soup version 0.29-a0-824-gd827844252 (webtiles) character file.

Game seed: 10914195467968570090

445 Malachi the Magician (level 7, -1/45 HPs)
             Began as a Djinni Venom Mage on July 10, 2022.
             Slain by Edmund
             ... wielding a +2 flail of holy wrath
              (11 damage)
             ... on level 5 of the Dungeon.
             The game lasted 00:05:19 (3862 turns).

Malachi the Magician (Djinni Venom Mage)            Turns: 3862, Time: 00:05:20

Health: -1/45      AC:  2    Str:  7    XL:     7   Next: 23%
Gold:   95         EV: 12    Int: 18    God:
                   SH:  0    Dex: 14

rFire   + + .      SeeInvis .   j - +1 scythe (venom)
rCold   x . .      Faith    .   (shield currently unavailable)
rNeg    . . .      Spirit   .   g - +0 robe
rPois   ∞          Reflect  .   (no helmet)
rElec   .          Harm     .   (no cloak)
rCorr   .          Rampage  .   (no gloves)
Will    .....                   (boots unavailable)
Stlth   ++........              (no amulet)
HPRegen 0.15/turn               (no ring)
MPRegen 0.00/turn               (no ring)

@: flying, hasted, very quick
A: sickness immunity, fire resistance 2, cold vulnerability 1, float, innate
caster, HP casting, extra vitality 1
a: no special abilities


You were on level 5 of the Dungeon.
You visited 1 branch of the dungeon, and saw 5 of its levels.

You collected 95 gold pieces.

Inventory:

Hand Weapons
 j - a +1 scythe of venom (weapon)
Armour
 g - a +0 robe (worn)
Scrolls
 b - 2 scrolls of immolation
 h - a scroll of fog
 i - a scroll of enchant armour
Potions
 e - a potion of attraction
 f - a potion of degeneration {unknown}


   Skills:
 - Level 2.1 Dodging
 - Level 1.5 Stealth
 * Level 5.9 Spellcasting


You had one spell level left.
You knew the following spells:

 Your Spells              Type           Power      Damage    Failure   Level
a - Sting                 Tmut/Pois      100%       1d8       1%          1
b - Poisonous Vapours     Pois/Air       52%        N/A       1%          2
c - Mephitic Cloud        Conj/Pois/Air  26%        N/A       3%          3
d - Olgreb's Toxic Radia  Pois           26%        N/A       11%         4
e - Foxfire               Conj/Fire      100%       2x1d9     1%          1
f - Static Discharge      Conj/Air       26%        3-7/arc   1%          2
g - Swiftness             Air            26%        N/A       3%          3
Your spell library was empty.

Dungeon Overview and Level Annotations

Branches:
Dungeon (6/15)
 Temple: D:4-7

Altars:
Fedhas

Shops:
D:5 (

Annotations:
D:5 Edmund


Innate Abilities, Weirdness & Mutations

You are immune to sickness and miasma.
You are immune to poison.
Your flesh is very heat resistant. (rF++)
You are vulnerable to cold. (rC-)
You float through the air rather than walking.
You learn spells naturally, not from books.
Your magical power is your life essence.
You have superior vitality. (+4 MHP)


Message History

Press: ? - help, Dir - move target, f/p - Edmund
Aim: Edmund, wielding a +2 flail of holy wrath and wearing a +0 ring mail (lightly wounded, extremely poisoned) Poisonous vapours surround Edmund!
Edmund looks as sick as possible!
Casting: Poisonous Vapours (safe; 1% risk of failure)
Confirm with . or Enter, or press ? or * to list all spells.
Aiming: Poisonous Vapours (safe; 1% risk of failure)
Press: ? - help, Dir - move target, f/p - Edmund
Aim: Edmund, wielding a +2 flail of holy wrath and wearing a +0 ring mail (lightly wounded, extremely poisoned) Poisonous vapours surround Edmund!
Edmund looks as sick as possible!
Casting: Poisonous Vapours (safe; 1% risk of failure)
Confirm with . or Enter, or press ? or * to list all spells.
Aiming: Poisonous Vapours (safe; 1% risk of failure)
Press: ? - help, Dir - move target, f/p - Edmund
Aim: Edmund, wielding a +2 flail of holy wrath and wearing a +0 ring mail (lightly wounded, extremely poisoned) Poisonous vapours surround Edmund!
Edmund looks as sick as possible!
Casting: Poisonous Vapours (safe; 1% risk of failure)
Confirm with . or Enter, or press ? or * to list all spells.
Aiming: Poisonous Vapours (safe; 1% risk of failure)
Press: ? - help, Dir - move target, f/p - Edmund
Aim: Edmund, wielding a +2 flail of holy wrath and wearing a +0 ring mail (moderately wounded, extremely poisoned) Poisonous vapours surround Edmund!
Edmund looks as sick as possible!
Edmund barely misses you.
Unknown command.
Found a mace.
Edmund attacks as you move away! Edmund completely misses you.
Edmund attacks as you move away!
Edmund hits you with a +2 flail of holy wrath!
* * * LOW HITPOINT WARNING * * *
Edmund attacks as you move away!
Edmund hits you with a +2 flail of holy wrath!
* * * LOW HITPOINT WARNING * * *
Unknown command.
Okay, then.
Casting: Poisonous Vapours (safe; 1% risk of failure)
Confirm with . or Enter, or press ? or * to list all spells.
Okay, then.
You feel better. Edmund closely misses you.
You feel yourself speed up.
Edmund hits you with a +2 flail of holy wrath!
You die...

...............##...#
#######.#########...#
##'## ###.# #...# #.#
#...# #.#
############...#######
......................
.)####..♣♣♣♣.._..♣♣♣♣.
.........@@..........
...########.....#####
.. #.....# #.....#
###+###


You could see Edmund (very poisoned).

Vanquished Creatures
  Sigmund (D:2)
  2 scorpions
  A howler monkey (D:5)
  An iguana (D:5)
  3 adders
  A worm (D:2)
  2 dart slugs
  An orc (D:5)
  A bat (D:1)
  6 endoplasms
  2 giant cockroaches
  4 hobgoblins
  4 quokkas
  5 ball pythons
  6 frilled lizards
  3 goblins
  3 kobolds
  20 rats
66 creatures vanquished.

Vanquished Creatures (others)
  A fungus (D:2)
1 creature vanquished.

Grand Total: 67 creatures vanquished

Notes
Turn   | Place    | Note
-------+----------+-------------------------------------------
     0 | D:1      | Malachi the Djinni Venom Mage began the quest for the Orb.
     0 | D:1      | Malachi set off with the following spells memorised: Sting,
                  | Poisonous Vapours, Mephitic Cloud, Olgreb's Toxic Radiance.
     0 | D:1      | Reached XP level 1. HP: 15/15 MP: 0/0
   293 | D:1      | Reached XP level 2. HP: 20/21 MP: 0/0
   636 | D:1      | Reached skill level 3 in Spellcasting
  1107 | D:1      | Reached XP level 3. HP: 23/25 MP: 0/0
  1107 | D:1      | Learned a level 1 spell: Foxfire
  2083 | D:2      | Reached XP level 4. HP: 29/31 MP: 0/0
  2243 | D:2      | Noticed Sigmund
  2264 | D:2      | Killed Sigmund
  2265 | D:2      | Reached skill level 5 in Spellcasting
  2265 | D:2      | Reached XP level 5. HP: 17/35 MP: 0/0
  2265 | D:2      | Learned a level 2 spell: Static Discharge
  2265 | D:2      | Reached XP level 6. HP: 19/40 MP: 0/0
  3068 | D:2      | Found a faded altar of an unknown god.
  3381 | D:3      | You are sucked into a shaft and drop 3 floors!
  3641 | D:5      | Entered Level 5 of the Dungeon
  3658 | D:5      | Found Unirchin's Weapon Shop.
  3701 | D:5      | Found a blossoming altar of Fedhas.
  3794 | D:5      | Reached XP level 7. HP: 39/45 MP: 0/0
  3794 | D:5      | Learned a level 3 spell: Swiftness
  3843 | D:5      | Noticed Edmund
  3860 | D:5      | HP: 2/45 [Edmund/+2 flail of holy wrath (10)]
  3862 | D:5      | Slain by Edmund

Illustrated notes

Levels and vault maps discovered:
D:1:      lemuel_arrival_tunnels, layout_basic
D:2:      layout_loops_ring, shapermc_ecumenical_altar_hornbeckon,
          grunt_ministairs_5, uniq_sigmund
D:3:      cheibrodos_greedy_goblins, layout_basic, small_statue_intersection,
          minmay_rat_hole, uniq_terence, uniq_jessica, uniq_ijyb
D:5:      layout_basic, gammafunk_temple_overflow_wave,
          mainiacjoe_overflow_boulevard, serial_shops,
          nicolae_shop_bloodbath_and_beyond, serial_bayou_lake_a,
          uniq_blork_the_orc, uniq_edmund
D:6:      layout_loops_corners, minmay_bent

Skill      XL: |  1  2  3  4 |
---------------+-------------+-----
Spellcasting   | 3 5 |  5.9
Dodging        | |  2.1
Stealth        | |  1.5

Action                   |  1- 3 |  4- 6 |  7- 9 || total
-------------------------+-------+-------+-------++-------
Melee: Short sword       |    25 |       |       ||    25
       Punch             |     1 |       |       ||     1
       Halberd           |       |    28 |     5 ||    33
 Cast: Sting             |    52 |    13 |       ||    65
       Poisonous Vapours |       |    20 |    12 ||    32
       Olgreb's Toxic Ra |       |     1 |       ||     1
  Use: Potion            |       |     1 |     2 ||     3
       Scroll            |       |     4 |       ||     4
 Stab: Sleeping          |       |     1 |       ||     1
Armor: Robe              |     8 |     4 |     2 ||    14
Dodge: Dodged            |    42 |    24 |     8 ||    74

Table legend: (Time is in decaauts)
 A = Elapsed time spent in this place.
 B = Non-inter-level travel time spent in this place.
 C = Inter-level travel time spent in this place.
 D = Time resting spent in this place.
 E = Time spent auto-exploring this place.
 F = Levels seen in this place.
 G = Mean time per level.
                   A        B        C        D        E       F      G
               +--------+--------+--------+--------+--------+-----+--------+
         Total |   3879 |   3717 |    162 |    831 |   2357 |   5 |  775.8 |
       Dungeon |   3879 |   3717 |    162 |    831 |   2357 |   5 |  775.8 |
               +--------+--------+--------+--------+--------+-----+--------+

Top non-repeatable levels by time:
     D:2: 1840 daAuts
     D:1: 1525 daAuts
     D:6: 259 daAuts
     D:5: 225 daAuts
     D:3: 27 daAuts
